 Dungeon Crawl Stone Soup version 0.27.1-34-g3ba077fa99 (webtiles) character file.

Game seed: 4601465823253984793

102 zeram the Covered (level 4, -4/29 HPs)
             Began as a Gargoyle Fighter on Jan 23, 2022.
             Killed by divine providence
             ... invoked by an orc priest
              (16 damage)
             ... on level 3 of the Dungeon.
             The game lasted 00:03:13 (2588 turns).

zeram the Covered (Gargoyle Fighter)                Turns: 2588, Time: 00:03:15

Health: -4/29      AC: 14    Str: 20    XL:     4   Next: 78%
Magic:  4/4        EV:  8    Int:  9    God:
Gold:   140        SH:  9    Dex:  9    Spells: 3/3 levels left

rFire    . . .     SeeInvis .   a - +1 flail
rCold    . . .     Faith    .   c - +0 kite shield
rNeg     + . .     Spirit   .   h - quicksilver dragon scales
rPois    ∞         Reflect  .   (no helmet)
rElec    +         Harm     .   (no cloak)
rCorr    .         Rampage  .   (no gloves)
Will     +....                  (no boots)
Stlth    ..........             (no amulet)
HPRegen  0.09/turn              (no ring)
MPRegen  0.09/turn              (no ring)

@: mighty
A: sickness immunity, AC +3, negative energy resistance 1, electricity
resistance, torment resistance 1, petrification resistance
a: no special abilities


You were on level 3 of the Dungeon.
You visited 1 branch of the dungeon, and saw 3 of its levels.

You collected 140 gold pieces.

Inventory:

Hand Weapons
 a - a +1 flail (weapon)
Armour
 b - a +0 scale mail
 c - a +0 kite shield (worn)
 h - quicksilver dragon scales (worn)
Jewellery
 k - a ring of magical power
Scrolls
 f - 2 scrolls of identify
 i - a scroll of teleportation
 l - a scroll of magic mapping {unknown}
Potions
 d - a potion of might
 e - a potion of ambrosia {unknown}
 g - 2 potions of curing
 j - a potion of heal wounds {unknown}
 m - 3 potions of lignification {unknown}


   Skills:
 + Level 3.7 Fighting
 + Level 3.4 Maces & Flails
 + Level 4.0 Armour
 + Level 0.5 Dodging
 + Level 3.8 Shields


You had 3 spell levels left.
You didn't know any spells.
Your spell library was empty.

Dungeon Overview and Level Annotations

Branches:
Dungeon (3/15)

Altars:

Shops:
D:1 =


Innate Abilities, Weirdness & Mutations

You are immune to sickness and miasma.
Your stone body is resilient. (AC +3)
You are immune to poison.
You resist negative energy. (rN+)
You are resistant to electric shocks. (rElec)
You are resistant to unholy torment.
You are immune to petrification.


Message History

The worm bites you but does no damage.
The iguana bites you but does no damage.
The orc wizard casts a spell.
The orc wizard flickers and vanishes!
Deactivating autopickup; reactivate with Ctrl-A.
The orc priest looks encouraged for a moment.
You hit the iguana.
The iguana is severely wounded.
The iguana bites you but does no damage.
You block the iguana's attack.
You thump the iguana!
You kill the iguana!
Your Armour skill increases to level 4!
You closely miss something.
An orc comes into view. It is wielding a +0 flail.
Something hits you but does no damage.
The orc priest invokes the aid of Beogh against you.
Beogh smites you!
Ouch! That really hurt!
The orc shouts!
You feel very mighty all of a sudden. You block something's attack.
You closely miss something. Something hits you but does no damage.
The orc priest casts a cantrip, but nothing happens.
The orc drinks a potion.
The orc suddenly seems more resistant.
Something hits you but does no damage.
Unknown command.
You barely miss something. Something hits you but does no damage.
You miss something. Something hits you but does no damage.
You block something's attack.
You miss something.
The orc priest calls down the wrath of Beogh upon you.
You block something's attack.
You bludgeon something!!
Reactivating autopickup.
You feel a bit more experienced.
The orc priest calls down the wrath of Beogh upon you.
Beogh smites you!
Ouch! That really hurt!
You die...

#. #.####.#
............. #.
#.####.#
.............
..##......##
...........<.
.##........#
.............
#.#.......#.#
.............
#.#.....#.#
..........)..
#...<.#.#
.#....######.
###.....######
#.... #
#..#...)@wo# #.##.
##.##.####.....#..
#. #.# ....... #.
... .......
####### .......
.####.. ## .


You could see a worm and an orc priest.

Vanquished Creatures
  An iguana (D:3)
  An orc wizard (D:3)
  A gnoll (D:1)
  An adder (D:2)
  2 worms (D:2)
  2 orcs
  3 ball pythons (D:1)
  5 bats
  3 endoplasms (D:2)
  3 giant cockroaches (D:2)
  2 goblins (D:2)
  6 hobgoblins
  3 jackals (D:1)
  4 kobolds
  2 quokkas
  4 frilled lizards
  4 rats
47 creatures vanquished.

Notes
Turn   | Place    | Note
-------+----------+-------------------------------------------
     0 | D:1      | zeram the Gargoyle Fighter began the quest for the Orb.
     0 | D:1      | Reached XP level 1. HP: 14/14 MP: 1/1
    79 | D:1      | Reached XP level 2. HP: 17/19 MP: 2/2
   335 | D:1      | Found Ydaff's Jewellery Boutique.
   586 | D:1      | Reached XP level 3. HP: 21/23 MP: 3/3
  2070 | D:2      | Found a faded altar of an unknown god.
  2122 | D:2      | Reached XP level 4. HP: 29/29 MP: 4/4
  2582 | D:3      | Reached skill level 4 in Armour
  2588 | D:3      | Killed from afar by an orc priest

Illustrated notes

Levels and vault maps discovered:
D:1:      minmay_arrival_stone_box, layout_loops_corners, serial_shops, shop,
          serial_park_tiny_pond, chequers_big_river
D:2:      layout_loops_corners, shapermc_ecumenical_altar_mp_vishouse,
          minmay_tall_x
D:3:      layout_rooms, lemuel_coloured_pillars_altar,
          kennysheep_generic_room_16

Skill      XL: |  1  2  3  4 |
---------------+-------------+-----
Maces & Flails | 3 |  3.4
Armour         | 4 |  4.0
Fighting       | |  3.7
Dodging        | |  0.5
Shields        | |  3.8

Action                   |  1- 3 |  4- 6 || total
-------------------------+-------+-------++-------
Melee: Flail             |   115 |    47 ||   162
  Use: Scroll            |     1 |     3 ||     4
       Potion            |       |     1 ||     1
Armor: Scale mail        |    40 |       ||    40
       Quicksilver drago |    30 |    23 ||    53
Dodge: Dodged            |    40 |    17 ||    57
Block: Kite shield       |    61 |    23 ||    84
